 Dungeon Crawl Stone Soup version 0.30-a0-948-g4fa250aae5 (webtiles) character file.

Game seed: 10895491192489520745

5882 xian the Cleaver (level 10, -6/90 HPs)
             Began as a Minotaur Fighter on Mar 27, 2023.
             Was a Believer of Wu Jian.
             Mangled by a two-headed ogre
             ... wielding a +0 dire flail of protection
              (9 damage)
             ... on level 9 of the Dungeon.
             The game lasted 00:18:11 (7795 turns).

xian the Cleaver (Minotaur Fighter)                 Turns: 7795, Time: 00:18:13

Health: -6/90      AC: 20    Str: 26    XL:     10   Next: 52%
Magic:  9/9        EV:  9    Int:  5    God:    Wu Jian [**....]
Gold:   434        SH:  5    Dex:  9    Spells: 9/9 levels left

rFire   . . .      SeeInvis +    a - +0 war axe (freeze)
rCold   . . .      Faith    .    c - +0 buckler
rNeg    . . .      Spirit   .    r - +0 chain mail
rPois   .          Reflect  .    o - +2 hat {SInv}
rElec   .          Rampage  .    O - +0 cloak
rCorr   .                        G - +0 pair of gloves
Will    .....                    (no boots) Stlth
                                 L - amulet of regeneration
HPRegen 1.15/turn                J - +4 ring of slaying
MPRegen 0.11/turn                x - +4 ring of protection

@: mighty
A: horns 2, retaliatory headbutt
a: Renounce Religion, Wall Jump


You were on level 9 of the Dungeon.
You worshipped Wu Jian.
Wu Jian was pleased with you.
You visited 1 branch of the dungeon, and saw 10 of its levels.

You collected 434 gold pieces.

Inventory:

Hand Weapons
 a - a +0 war axe of freezing (weapon)
 I - the +7 sling of Nimmipeu {antimagic, rN+}
   (You found it on level 6 of the Dungeon)

   rN:        It protects you from negative energy.
Missiles
 f - 52 stones (quivered)
 g - 22 poisoned darts
 s - 8 boomerangs
Armour
 c - a +0 buckler (worn)
 o - a +2 hat of see invisible (worn)
 r - a +0 chain mail (worn)
 G - a +0 pair of gloves (worn)
 O - a +0 cloak (worn)
Jewellery
 w - a ring of fire
 x - a +4 ring of protection (right hand)
 J - a +4 ring of slaying (left hand)
 L - an amulet of regeneration (around neck)
Wands
 h - a wand of charming (13)
 y - a wand of polymorph (11)
 E - a wand of flame (27)
 K - a wand of roots (2)
 Q - a wand of quicksilver (6)
Scrolls
 b - 4 scrolls of vulnerability {unknown}
 e - 3 scrolls of fear {unknown}
 k - 4 scrolls of teleportation {unknown}
 l - 3 scrolls of fog
 n - a scroll of poison
 u - 3 scrolls of silence
 v - 3 scrolls of amnesia
 z - 2 scrolls of blinking
 A - a scroll of brand weapon
 C - a scroll of magic mapping {unknown}
 H - a scroll of enchant weapon
 M - a scroll of identify
Potions
 d - a potion of might
 i - a potion of flight {unknown}
 j - 4 potions of curing
 m - a potion of lignification {unknown}
 p - 4 potions of resistance {unknown}
 q - a potion of degeneration {unknown}
 B - 2 potions of brilliance {unknown}
 D - a potion of magic {unknown}
 F - 3 potions of mutation {unknown}
 N - a potion of heal wounds {unknown}
 P - a potion of ambrosia {unknown}
Miscellaneous
 t - a piece from Xom's chessboard (14/15)


   Skills:
 + Level 8.5 Fighting
 + Level 12.1 Axes
 + Level 6.2 Ranged Weapons
 + Level 1.5 Throwing
 + Level 9.1 Armour
 + Level 2.6 Dodging
 + Level 0.4 Stealth
 + Level 6.4 Shields


You had 9 spell levels left.
You didn't know any spells.
Your spell library contained the following spells:

 Spells                   Type           Power      Damage    Failure   Level
 Slow                     Hex            0%         N/A       98%         1
 Lesser Beckoning         Tloc           0%         N/A       99%         2
 Confusing Touch          Hex            0%         N/A       100%        3
 Gell's Gravitas          Tloc           0%         N/A       100%        3
 Teleport Other           Tloc           0%         N/A       100%        3
 Vampiric Draining        Necr           0%         2d6       100%        3
 Petrify                  Tmut/Erth      0%         N/A       100%        4
 Metabolic Englaciation   Hex/Ice        0%         N/A       100%        5
 Statue Form              Tmut/Erth      0%         N/A       100%        6


Dungeon Overview and Level Annotations

Branches:
Dungeon (10/15)            Temple (0/1) D:7
   Lair: D:8-11         Orc: D:9-12

Altars:
Ashenzari
Gozag
Hepliaklqana
Qazlal
Trog
Vehumet
Wu Jian
Xom
Zin

Shops:
D:2 [

Annotations:
D:4 2 transporters, DeathPants's ghost, amateur VSWn
D:5 3 runed translucent doors, Bediveer's ghost, amateur DEHu
D:9 3 runed translucent doors, porpoise's ghost, journeyman DjFE


Innate Abilities, Weirdness & Mutations

You have a pair of horns on your head.
You reflexively headbutt those who attack you in melee.


Message History

The shadow slips into darkness.
The shadow flickers and vanishes for a moment.
The vampire mosquito bites you.
The vampire mosquito draws strength from your injuries!
The two-headed ogre hits you with a +0 dire flail of protection!
You block the two-headed ogre's attack.
The gargoyle hurls a stone arrow at you.
The stone arrow hits you! The steam dragon barely misses you.
The steam dragon claws you but does no damage.
You make a move on Xom's chessboard...
The two-headed ogre twists and deforms.
The vampire mosquito barely misses you. You block the shadow's attack.
The vampire mosquito bites you!
* * * LOW HITPOINT WARNING * * *
The vampire mosquito draws strength from your injuries!
The steam dragon bites you but does no damage.
You block the steam dragon's attack.
The gargoyle hurls a stone arrow at you.
The stone arrow hits you!
* * * LOW HITPOINT WARNING * * *
Okay, then.
You feel better. The vampire mosquito bites you!
* * * LOW HITPOINT WARNING * * *
The vampire mosquito draws strength from your injuries!
You block the shadow's attack.
The two-headed ogre hits you with a +0 dire flail of protection!
* * * LOW HITPOINT WARNING * * *
The two-headed ogre closely misses you.
The vampire mosquito closely misses you.
The gargoyle hits you with a +0 mace.
* * * LOW HITPOINT WARNING * * *
The steam dragon barely misses you.
The steam dragon claws you but does no damage.
Okay, then.
You feel very mighty all of a sudden.
The vampire mosquito completely misses you.
You block the shadow's attack. The vampire mosquito bites you.
* * * LOW HITPOINT WARNING * * *
The vampire mosquito draws strength from your injuries!
The two-headed ogre hits you with a +0 dire flail of protection!
You die...

#.# #......# ##.#
#......# #..# ###+####
#.## #..# #.# ##'########
###'#########.........#
#.......#...'.........#
###.......'.###9.D<.....#
..')......### #W@O......#
###.......# #.y.......#
#.......# #.........#
######'## #.........#
##....# #.........#
#..#### #####'#####
##.###### #..# #>..<...#
#.## ###.......# ##'#####


You could see a two-headed ogre (misshapen), a steam dragon, a vampire mosquito,
a gargoyle and a shadow (invisible).

Vanquished Creatures
  Gastronok (D:9)
  Pikel (D:5)
  A komodo dragon (D:8)
  3 slime creatures (D:9)
  5 humans (D:7)
  A steam dragon (D:8)
  2 sky beasts
  A black bear (D:4)
  2 orc warriors (D:9)
  An ogre (D:4)
  2 centaurs
  2 phantoms
  A lemure (D:5)
  A kobold brigand (D:7)
  A gnoll sergeant (D:6)
  2 bullfrogs
  2 scorpions (D:6)
  13 wights
  2 killer bees (D:9)
  An electric eel (D:7)
  2 howler monkeys (D:5)
  2 jellies (D:5)
  3 orc priests
  A sleepcap (D:5)
  3 hounds
  2 iguanas
  5 orc wizards
  Natasha (twice) (D:4)
  3 gnolls (D:6)
  6 adders
  2 shadow imps
  An ufetubus (D:7)
  A worm (D:4)
  3 dart slugs
  31 orcs
  5 bats
  9 endoplasms
  4 giant cockroaches
  11 hobgoblins
  10 jackals
  8 kobolds
  A quokka (D:2)
  12 ball pythons
  5 frilled lizards
  4 goblins
  11 rats
192 creatures vanquished.

Vanquished Creatures (others)
  6 fungi (D:1)
6 creatures vanquished.

Grand Total: 198 creatures vanquished

Notes
Turn   | Place    | Note
-------+----------+-------------------------------------------
     0 | D:1      | xian the Minotaur Fighter began the quest for the Orb.
     0 | D:1      | Reached XP level 1. HP: 19/19 MP: 0/0
    71 | D:1      | Reached XP level 2. HP: 27/27 MP: 1/1
   245 | D:1      | Reached XP level 3. HP: 33/33 MP: 2/2
   585 | D:2      | Reached skill level 3 in Axes
   688 | D:2      | Found New Voa's Armour Boutique.
   980 | D:2      | Found an opulent altar of Gozag.
  1165 | D:2      | Reached XP level 4. HP: 41/41 MP: 3/3
  1397 | D:3      | Noticed a centaur
  1406 | D:3      | Killed a centaur
  1407 | D:3      | Reached skill level 4 in Axes
  1407 | D:3      | Reached XP level 5. HP: 23/47 MP: 4/4
  1670 | D:3      | Reached skill level 5 in Axes
  2294 | D:4      | Found a transporter.
  2295 | D:4      | Identified the +3 dire flail "Spiderslayer" {flame, rCorr
                  | Str+2}
  2295 | D:4      | Noticed an ogre
  2295 | D:4      | Noticed DeathPants's ghost (amateur VSWn)
  2296 | D:4      | Found a transporter.
  2308 | D:4      | Noticed a black bear
  2320 | D:4      | Killed a black bear
  2321 | D:4      | Reached skill level 5 in Armour
  2321 | D:4      | Reached skill level 1 in Dodging
  2321 | D:4      | Reached XP level 6. HP: 38/53 MP: 5/5
  2478 | D:4      | Reached skill level 6 in Axes
  2517 | D:4      | Noticed Natasha
  2524 | D:4      | Found an ornate altar of the Wu Jian Council.
  2524 | D:4      | Found a shimmering altar of Xom.
  2537 | D:4      | Killed Natasha
  2548 | D:4      | Found an opulent altar of Gozag.
  2628 | D:4      | Became a worshipper of the Wu Jian Council
  2805 | D:4      | Noticed Natasha
  2812 | D:4      | Killed Natasha
  2813 | D:4      | Reached skill level 5 in Fighting
  2813 | D:4      | Reached XP level 7. HP: 52/61 MP: 6/6
  3077 | D:5      | Entered Level 5 of the Dungeon
  3110 | D:5      | Reached skill level 7 in Axes
  3129 | D:5      | Noticed Pikel
  3152 | D:5      | Killed Pikel
  3153 | D:5      | Reached skill level 8 in Axes
  3153 | D:5      | Reached skill level 5 in Shields
  3153 | D:5      | Reached XP level 8. HP: 40/70 MP: 7/7
  3437 | D:5      | Found a runed translucent gate.
  3437 | D:5      | Found a runed translucent gate.
  3437 | D:5      | Found a runed translucent gate.
  3442 | D:5      | Noticed Bediveer's ghost (amateur DEHu)
  3778 | D:6      | Reached skill level 9 in Axes
  3984 | D:6      | Reached * piety under Wu Jian
  4061 | D:6      | Reached skill level 10 in Axes
  4074 | D:6      | Reached skill level 1 in Throwing
  4336 | D:6      | Reached XP level 9. HP: 78/78 MP: 8/8
  4582 | D:6      | Identified the +7 sling of Nimmipeu {antimagic, rN+}
  4718 | D:7      | Found a stormy altar of Qazlal.
  4767 | D:7      | Reached skill level 1 in Ranged Weapons
  4838 | D:7      | Reached skill level 11 in Axes
  5010 | D:7      | Found a staircase to the Ecumenical Temple.
  5219 | D:7      | Found a broken altar of Ashenzari.
  5219 | D:7      | Found a bloodstained altar of Trog.
  5427 | D:8      | Noticed a komodo dragon
  5443 | D:8      | Killed a komodo dragon
  5443 | D:8      | Reached ** piety under Wu Jian
  5889 | D:8      | Reached skill level 5 in Ranged Weapons
  6520 | D:8      | Found a faded altar of an unknown god.
  6520 | D:8      | Found a hazy altar of Hepliaklqana.
  6527 | D:8      | Found a glowing silver altar of Zin.
  6529 | D:8      | Found a faded altar of an unknown god.
  6531 | D:8      | Found a radiant altar of Vehumet.
  6643 | D:9      | Reached XP level 10. HP: 58/88 MP: 3/9
  7123 | D:9      | Noticed Gastronok
  7141 | D:9      | Killed Gastronok
  7304 | D:9      | Found a runed translucent gate.
  7304 | D:9      | Found a runed translucent gate.
  7305 | D:9      | Found a runed translucent gate.
  7307 | D:9      | Noticed porpoise's ghost (journeyman DjFE)
  7358 | D:9      | Reached skill level 12 in Axes
  7560 | D:10     | Entered Level 10 of the Dungeon
  7563 | D:10     | Noticed a gargoyle
  7563 | D:10     | Noticed a two-headed ogre
  7635 | D:10     | Noticed a white ugly thing
  7787 | D:10     | Noticed a two-headed ogre
  7795 | D:9      | HP: 3/90 [vampire mosquito (4)]
  7795 | D:9      | Mangled by a two-headed ogre

Illustrated notes

Levels and vault maps discovered:
D:1:      scummos_arrival_checkerplants, layout_rooms, interstate_on_off,
          dreamdust_mushroom_princess, corexii_corridor_pit
D:2:      layout_loops_corners, basic_altar, serial_shops, shop
D:3:      layout_loops_cross
D:4:      layout_basic, chequers_temple_overflow_statue_of_worship,
          gammafunk_ghost_smash, uniq_natasha
D:5:      layout_gridville, gammafunk_ghost_necromancy, st_stairs_13, uniq_pikel
D:6:      layout_loops_ring
D:7:      layout_basic, mainiacjoe_overflow_concentric_impassable,
          nicolae_overflow_two_pavilions, minmay_temple_entry_waves,
          grunt_ministairs_4, minmay_ruffians
D:8:      layout_loops_corners, chequers_temple_overflow_minitemple,
          serial_aquarium, aquarium_bridge_straight [aquarium_subvault_bridge,
          aquarium_subvault_wall, aquarium_subvault_bridge,
          aquarium_subvault_window], aquarium_bridge_long_joined
          [aquarium_subvault_bridge, aquarium_subvault_wall,
          aquarium_subvault_window, aquarium_subvault_bridge,
          aquarium_subvault_window, aquarium_subvault_window],
          aquarium_window_fake, aquarium_window_fake, aquarium_window_1,
          aquarium_window_2, aquarium_view_2f, minmay_misc_feat_x,
          minmay_misc_feat_rows, chequers_serial_rivers_room_b
D:9:      layout_roguey, gammafunk_ghost_spectres, uniq_gastronok
D:10:     layout_cave_pools, dpeg_lair_monsters, onia_ninara_cookie, uniq_snorg

Skill      XL: |  1  2  3  4  5  6  7  8  9 10 |
---------------+-------------------------------+-----
Fighting       | 4 5 6 7 8 |  8.5
Shields        | 4 5 6 |  6.4
Armour         | 4 5 6 7 8 9 |  9.1
Axes           | 3 4 5 6 8 10 11 12 | 12.1
Dodging        | 1 2 |  2.6
Throwing       | 1 |  1.5
Ranged Weapons | 5 6 |  6.2
Stealth        | |  0.4

Action                     |  1- 3 |  4- 6 |  7- 9 | 10-12 || total
---------------------------+-------+-------+-------+-------++-------
  Melee: War axe           |   101 |   116 |   175 |    32 ||   424
         Headbutt          |    20 |    20 |    39 |     9 ||    88
         Sling             |       |       |     1 |       ||     1
   Fire: Sling             |       |       |    70 |    14 ||    84
  Throw: Dart              |       |     2 |       |       ||     2
         Stone             |       |     4 |    10 |       ||    14
Ability: Lunge             |       |     1 |    11 |     1 ||    13
         Whirlwind         |       |       |     7 |     4 ||    11
  Evoke: Piece from Xom's  |       |       |       |     1 ||     1
    Use: Scroll            |       |     4 |     6 |       ||    10
         Potion            |       |       |       |     3 ||     3
 Armour: Scale mail        |    63 |       |       |       ||    63
         Chain mail        |       |    84 |   113 |    41 ||   238
  Dodge: Dodged            |    49 |    68 |    71 |    29 ||   217
  Block: Buckler           |    38 |    29 |    46 |    18 ||   131

Table legend: (Time is in decaauts)
 A = Elapsed time spent in this place.
 B = Non-inter-level travel time spent in this place.
 C = Inter-level travel time spent in this place.
 D = Time resting spent in this place.
 E = Time spent auto-exploring this place.
 F = Levels seen in this place.
 G = Mean time per level.
                   A        B        C        D        E       F      G
               +--------+--------+--------+--------+--------+-----+--------+
         Total |   7938 |   7565 |    373 |      0 |   5580 |  10 |  793.8 |
       Dungeon |   7938 |   7565 |    373 |      0 |   5580 |  10 |  793.8 |
               +--------+--------+--------+--------+--------+-----+--------+

Top non-repeatable levels by time:
     D:8: 1263 daAuts
     D:9: 1157 daAuts
     D:6: 937 daAuts
     D:3: 898 daAuts
     D:4: 871 daAuts
     D:2: 859 daAuts
     D:7: 762 daAuts
     D:5: 635 daAuts
     D:1: 535 daAuts
    D:10: 18 daAuts
